Map: Lerilak Crest

Players

BallaDream

  • Race: Zerg Zerg
  • League: Gold

lesha - Winner!

  • Race: Terran Terran
  • League: Silver

VOD

Have the link to the VOD?

Description

Time

  • Played on: Dec. 26, 2015, 10:45 p.m.
  • Length: 10:12
Show
View Real Time Build Order
Export as new Build Order

BallaDream Zerg 

Build Orders: Hatch First 

Get SALT Encoding   

  12  0:00  Drone  
  13  0:12  Overlord  
  13  0:17  Drone  
  14  0:31  Drone x2  
  16  0:36  Drone  
  17  0:45  Drone  
  18  1:03  Hatchery  
  17  1:11  Spawning Pool  
  17  1:14  Drone  
  17  1:18  Extractor  
  17  1:19  Drone  
  17  1:22  Drone  
  18  1:29  Drone  
  19  1:42  Drone  
  20  1:55  Overlord  
  20  1:58  Queen  
  22  2:15  Drone x2  
  24  2:18  Extractor  
  24  2:19  Metabolic Boost  
  24  2:20  Queen  
  25  2:24  Drone  
  26  2:43  Drone x3  
  29  3:06  Drone x4  
  29  3:07  Drone  
  34  3:14  Lair  
  34  3:18  Roach Warren  
  33  3:20  Drone  
  33  3:21  Drone x2  
  36  3:29  Overlord  
  36  3:30  Overlord  
  36  3:47  Queen  
  38  3:53  Zergling x6  
  38  3:54  Zergling x6  
  44  4:02  Roach x4  
  52  4:08  Overlord  
  46  4:57  Roach  
  46  4:58  Roach x6  
  60  5:00  Overlord x4  
  60  5:08  Glial Reconstitution  
  60  5:13  Pneumatized Carapace  
  60  5:15  Hatchery  
  59  5:44  Drone x5  
  59  5:45  Drone x4  
  59  5:46  Drone  
  69  6:00  Drone  
  69  6:03  Extractor  
  69  6:05  Extractor  
  68  6:22  Zergling x6  
  68  6:23  Zergling x4  
  73  6:26  Zergling x4  
  73  6:27  Zergling x8  
  74  7:12  Hydralisk Den  
  74  7:15  Tunneling Claws  
  73  7:17  Burrow  
  73  7:22  Roach x3  
  81  7:23  Roach x6  
  81  7:24  Roach x3  
  81  7:26  Overlord  
  97  7:40  Queen  
  97  7:41  Hatchery  
  98  8:00  Muscular Augments  
  98  8:01  Hydralisk  
  98  8:02  Hydralisk x3  
  106  8:05  Overlord x2  
  106  8:06  Overlord  
  106  8:21  Overlord x3  
  106  8:32  Drone x5  
  106  8:33  Drone x6  
  94  9:08  Hydralisk x5  
  94  9:09  Hydralisk x6  
  80  9:10  Hydralisk x5  
  75  9:20  Queen  
  63  9:42  Zergling x8  
  63  9:43  Zergling x12  
Show
View Real Time Build Order
Export as new Build Order

lesha Terran - Winner!

Build Orders: Reaper Expand, MMM Bio 

Get SALT Encoding   

  12  0:01  SCV  
  13  0:13  SCV  
  14  0:18  Supply Depot  
  14  0:25  SCV  
  15  0:39  SCV  
  16  0:42  Barracks  
  16  0:48  Refinery  
  16  0:51  SCV  
  17  1:03  SCV  
  18  1:16  SCV  
  19  1:29  Orbital Command  
  19  1:31  Reaper  
  20  1:49  Command Center  
  20  1:51  Refinery  
  20  1:59  SCV  
  20  2:00  Supply Depot  
  21  2:13  Barracks Tech Lab  
  21  2:16  SCV  
  22  2:25  Factory  
  22  2:28  SCV  
  23  2:38  Barracks  
  23  2:45  Marine  
  23  2:48  SCV  
  25  3:01  SCV  
  25  3:04  Orbital Command  
  26  3:08  Factory Reactor  
  26  3:10  Marine  
  26  3:12  Stimpack  
  27  3:20  Barracks  
  27  3:23  SCV  
  28  3:29  Supply Depot  
  28  3:30  Barracks Reactor  
  28  3:35  SCV  
  28  3:36  Starport  
  28  3:37  SCV  
  30  3:48  Bunker  
  30  3:50  SCV  
  30  3:51  SCV  
  32  3:58  Hellion x2  
  32  4:00  Marine  
  37  4:03  SCV x2  
  39  4:10  Marine x2  
  39  4:11  Barracks Reactor  
  41  4:17  Starport Reactor  
  41  4:20  SCV x2  
  43  4:26  Supply Depot  
  43  4:32  SCV x2  
  41  4:53  SCV x2  
  41  4:56  Medivac x2  
  41  4:57  Marine x2  
  41  4:58  Marine x2  
  41  4:59  Marine  
  52  5:05  SCV x2  
  54  5:11  Supply Depot, Barracks  
  54  5:14  Supply Depot  
  54  5:16  Engineering Bay, Barracks  
  54  5:17  SCV x2, Combat Shields  
  54  5:18  Engineering Bay  
  56  5:27  Refinery x2  
  56  5:29  SCV x2  
  56  5:31  Marine x3  
  56  5:32  Marine x2  
  63  5:46  Supply Depot  
  63  5:49  Marine x3  
  66  5:51  Supply Depot  
  66  5:56  Medivac x2  
  70  5:59  Marine  
  70  6:00  Marine  
  70  6:02  Barracks Reactor  
  72  6:05  Barracks Reactor  
  72  6:07  Marine  
  73  6:18  Marine x3  
  73  6:19  Marine  
  73  6:21  Widow Mine  
  73  6:22  Widow Mine  
  73  6:25  Marine  
  82  6:26  SCV x2  
  84  6:36  Marine x2  
  84  6:38  Terran Infantry Weapons Level 1, SCV x2  
  84  6:39  Terran Infantry Armor Level 1  
  88  6:49  Command Center  
  81  7:05  Marine x4  
  81  7:06  Marine x5  
  81  7:07  Medivac  
  81  7:08  Medivac  
  94  7:20  SCV x2  
  96  7:23  Marine x6  
  96  7:25  Marine x3  
  105  7:33  SCV x2  
  107  7:41  Marine x4  
  111  8:09  Marine x4  
  111  8:10  Marine x5  
  111  8:12  Medivac x2  
  124  8:19  Barracks  
  124  8:22  Barracks  
  124  8:24  Missile Turret  
  124  8:25  Barracks  
  124  8:26  Missile Turret  
  124  8:27  Marine x4  
  124  8:28  Missile Turret  
  124  8:30  SCV  
  124  8:31  SCV  
  130  8:34  Orbital Command  
  130  8:35  Missile Turret  
  130  8:41  Armory  
  130  8:53  Missile Turret  
  130  8:54  Missile Turret  
  127  9:07  Marine x3  
  127  9:08  Marine x6  
  124  9:10  Medivac x2  
  127  9:25  Marine x4  
  127  9:26  Marine x2  
  127  9:27  Marine x3  
  135  9:43  Marine x5  
  135  9:44  Marine  
  135  9:45  Marine x2  
  134  9:51  Marine  
Tags
 
Add a new tag
Caveats
  • Supply blocks, unpowered buildings, or Contaminate may cause inaccurate times.
  • Supply counts are checked every 10 seconds.